 Dungeon Crawl Stone Soup version 0.22-a0-117-g314b907 (webtiles) character file.

174 zero the Sneak (level 5, -12/24 HPs)
             Began as a Spriggan Enchanter on Jan 29, 2018.
             Killed from afar by ThereIsNoGod's ghost (32 damage)
             ... with a stone arrow
             ... on level 3 of the Dungeon.
             The game lasted 00:02:43 (2359 turns).

zero the Sneak (Spriggan Enchanter)                 Turns: 2359, Time: 00:02:44

Health: -12/24     AC:  2    Str:  4    XL:     5   Next: 28%
Magic:  10/10      EV: 18    Int: 16    God:
Gold:   95         SH:  0    Dex: 18    Spells: 6/9 levels left

rFire    . . .     SeeInvis +   k - +0 dagger (elec)
rCold    . . .     Gourm    .   (shield restricted)
rNeg     . . .     Faith    .   b - +0 robe
rPois    .         Spirit   .   (helmet restricted)
rElec    .         Reflect  .   (no cloak)
rCorr    .         Harm     .   (gloves unavailable)
MR       .....                  (boots unavailable)
Stlth    ++++......             (no amulet)
HPRegen  0.08/turn              (no ring)
MPRegen  0.12/turn              (no ring)

@: very quick
A: very small, unfitting armour, see invisible, herbivore, speed 3, slow
metabolism 2
a: no special abilities


You were on level 3 of the Dungeon.
You were not hungry.

You visited 1 branch of the dungeon, and saw 3 of its levels.

You collected 95 gold pieces.

Inventory:

Hand Weapons
 k - a +0 dagger of electrocution (weapon)
Missiles
 h - a throwing net (quivered)
Armour
 b - a +0 robe (worn)
Wands
 j - a wand of iceblast (8)
Scrolls
 a - 3 scrolls of identify {unknown}
 e - 2 scrolls of remove curse {unknown}
 f - a scroll of enchant armour {unknown}
 l - a scroll of magic mapping {unknown}
 o - a scroll of blinking {unknown}
Potions
 g - a potion of might
 i - a potion of invisibility {unknown}
 m - 2 potions of curing
 n - a potion of agility {unknown}
Books
 c - a book of Maledictions

   Spells                             Type                      Level
   a - Corona                         Hexes                        1
   b - Ensorcelled Hibernation        Hexes/Ice                    2
   c - Confuse                        Hexes                        3
   d - Tukima's Dance                 Hexes                        3
   e - Dazzling Spray                 Conjuration/Hexes            3
Comestibles
 d - 2 rations


   Skills:
 - Level 4.0 Short Blades
 - Level 3.0 Dodging
 + Level 7.4 Stealth
 - Level 2.6 Spellcasting
 - Level 3.6 Hexes


You had 6 spell levels left.
You knew the following spells:

 Your Spells              Type           Power        Failure   Level  Hunger
a - Corona                Hex            ##.....      4%          1    #......
b - Ensorcelled Hibernat  Hex/Ice        #.....       14%         2    ##.....


Dungeon Overview and Level Annotations

Branches:
Dungeon (3/15)

Altars:
Okawaru
Ru

Annotations:
D:3 ThereIsNoGod's ghost, novice FoEE


Innate Abilities, Weirdness & Mutations

You are very small and have problems with some larger weapons.
You are too small for most types of armour.
You have supernaturally acute eyesight. (SInv)
You are a herbivore.
You cover ground extremely quickly.
You need consume almost no food.


Message History

You miss ThereIsNoGod's ghost.
ThereIsNoGod's ghost is moderately damaged.
ThereIsNoGod's ghost gestures at you while chanting.
The blast of sand misses you.
You barely miss ThereIsNoGod's ghost.
ThereIsNoGod's ghost is moderately damaged.
You hit ThereIsNoGod's ghost.
Lightning courses through ThereIsNoGod's ghost!
ThereIsNoGod's ghost is severely damaged.
ThereIsNoGod's ghost hits you.
You closely miss ThereIsNoGod's ghost.
ThereIsNoGod's ghost is severely damaged.
ThereIsNoGod's ghost gestures at you while chanting.
The blast of sand misses you.
You closely miss ThereIsNoGod's ghost.
ThereIsNoGod's ghost is severely damaged.
ThereIsNoGod's ghost gestures at you while chanting.
The stone arrow hits you!
Ouch! That really hurt!
You die...

..♣♣≈≈≈≈P≈≈≈≈≈
#.# ..♣
≈≈≈≈≈≈≈≈♣ #†#
..♣
≈≈≈≈≈≈≈≈♣♣.#
.≈≈≈P
≈≈≈≈≈≈≈P≈.#
.♣♣P≈
≈≈≈≈≈≈≈♣≈.#
.≈♣≈≈≈
≈≈≈≈≈≈≈♣.# .≈♣
≈≈ ≈≈≈≈≈≈≈♣.#
+♣♣ ≈≈≈≈≈P≈≈.#
≈≈≈≈≈P♣♣@# .≈
≈≈≈≈≈≈≈≈W# .♣
≈≈≈≈≈≈≈≈♣P.#
.♣♣
♣≈≈≈≈≈≈≈≈≈..#
..♣ P≈≈≈≈≈P≈
≈♣### ..♣
P≈♣P≈P≈ ≈≈
..♣≈P≈≈≈ ♣ ≈≈
..♣P≈≈≈ ≈≈≈
...♣


You could see ThereIsNoGod's ghost.

Vanquished Creatures
  An iguana (D:2)
  An orc wizard (D:2)
  4 gnolls (D:2)
  3 adders
  A dart slug (D:3)
  2 leopard geckos
  2 orcs (D:3)
  2 giant cockroaches (D:2)
  7 hobgoblins
  2 quokkas (D:2)
  3 ball pythons
  11 bats
  4 frilled lizards (D:2)
  4 goblins
  4 kobolds
  5 rats
56 creatures vanquished.

Notes
Turn   | Place    | Note
-------+----------+-------------------------------------------
     0 | D:1      | zero the Spriggan Enchanter began the quest for the Orb.
     0 | D:1      | Reached XP level 1. HP: 9/9 MP: 5/5
   562 | D:1      | Reached XP level 2. HP: 10/13 MP: 3/6
   566 | D:1      | Learned a level 2 spell: Ensorcelled Hibernation
   707 | D:2      | Reached skill level 5 in Stealth
   714 | D:3      | Noticed ThereIsNoGod's ghost (novice FoEE)
   778 | D:2      | Found a sacrificial altar of Ru.
   781 | D:2      | Reached XP level 3. HP: 16/16 MP: 8/8
   856 | D:2      | Reached skill level 6 in Stealth
   856 | D:2      | Reached XP level 4. HP: 21/21 MP: 9/9
  1290 | D:2      | Reached skill level 7 in Stealth
  1296 | D:2      | Reached XP level 5. HP: 22/24 MP: 10/10
  1974 | D:3      | Found an iron altar of Okawaru.
  2095 | D:3      | Found a faded altar of an unknown god.
  2359 | D:3      | Killed from afar by ThereIsNoGod's ghost

Vault maps used:
D:1:      dpeg_arrival_orchard
D:2:      nicolae_ru_great_annihilating_truth
D:3:      minmay_diamond_boxcup, chequers_ecumenical_altar_simple_redux,
          serial_bayou, serial_bayou_lake_a, serial_bayou_pond_e,
          serial_bayou_pond_d, serial_bayou_pond_b, okawaru_gym_becter

Skill      XL: |  1  2  3  4  5 |
---------------+----------------+-----
Short Blades   | 2 3 4 |  4.0
Stealth        | 5 6 7 |  7.4
Dodging        | |  3.0
Spellcasting   | |  2.6
Hexes          | |  3.6

Action                   |  1- 3 |  4- 6 || total
-------------------------+-------+-------++-------
Melee: Dagger            |    52 |   111 ||   163
 Cast: Corona            |     6 |       ||     6
       Ensorcelled Hiber |     1 |     5 ||     6
  Use: Potion            |       |     2 ||     2
 Stab: Sleeping          |     6 |    18 ||    24
       Paralysed         |     1 |       ||     1
Armor: Robe              |    11 |     9 ||    20
Dodge: Dodged            |    63 |    86 ||   149

Table legend:
 A = Spawn XP
 B = Non-spawn XP
 C = Spawn XP percentage of total XP
 D = Spawn monster count
 E = Non-spawn monster count
 F = Spawn count percentage of total count
 G = Total turns spent on level
                    A         B        C        D         E        F      G
               +---------+---------+-------+---------+---------+-------+---------
         Total |       0 |     249 |   0.0 |       0 |      56 |   0.0 |  2359
               +---------+---------+-------+---------+---------+-------+---------
           D:1 |       0 |      17 |   0.0 |       0 |      10 |   0.0 |   995
           D:2 |       0 |     188 |   0.0 |       0 |      28 |   0.0 |   762
           D:3 |       0 |      44 |   0.0 |       0 |      18 |   0.0 |   602
               +---------+---------+-------+---------+---------+-------+---------
